 Dungeon Crawl Stone Soup version 0.24.0-1-gfbc8707122 (webtiles) character file.

Game seed: 11537387735378392593, levelgen mode: deterministic

1272 Esekla the Magician (level 8, -1/57 HPs)
             Began as a Demonspawn Conjurer on Oct 28, 2019.
             Was an Initiate of Gozag.
             Killed by divine providence
             ... invoked by an orc priest
              (13 damage)
             ... on level 6 of the Dungeon.
             The game lasted 00:44:26 (4890 turns).

Esekla the Magician (Demonspawn Conjurer)           Turns: 4890, Time: 00:44:28

Health: -1/57      AC: 10    Str:  8    XL:     8   Next: 28%
Magic:  7/15       EV: 14    Int: 19    God:    Gozag
Gold:   349        SH:  5    Dex: 19    Spells: 10/16 levels left

rFire    + . .     SeeInvis .   p - +2 short sword (vamp)
rCold    . . .     Gourm    .   t - +1 buckler {AC+3}
rNeg     + . .     Faith    .   z - +1 robe {MR+}
rPois    .         Spirit   .   j - +1 hat
rElec    .         Reflect  .   a - +0 cloak
rCorr    .         Harm     .   (no gloves)
MR       +....                  (no boots)
Stlth    ++........             (no amulet)
HPRegen  0.19/turn              k - +5 ring of dexterity
MPRegen  0.14/turn              u - ring of positive energy

@: gold aura
A: molten scales 1, fire resistance 1, ignite blood, flame cloud immunity
a: Potion Petition, Call Merchant, Bribe Branch, Renounce Religion


You were on level 6 of the Dungeon.
You worshipped Gozag.
Gozag was aware of your devotion.
You were very hungry.

You visited 2 branches of the dungeon, and saw 7 of its levels.

You collected 401 gold pieces.
You paid 52 gold pieces to Gozag.

Inventory:

Hand Weapons
 l - a +0 dagger of venom
 p - a +2 vampiric short sword (weapon)
Missiles
 A - 15 poisoned darts (quivered)
Armour
 a - a +0 cloak (worn)
 j - a +1 hat (worn)
 t - a +1 buckler of protection (worn)
 z - a +1 robe of magic resistance (worn)
Jewellery
 k - a +5 ring of dexterity (left hand)
 u - a ring of positive energy (right hand)
 y - an uncursed ring of fire
Scrolls
 d - 2 scrolls of blinking {unknown}
 e - 3 scrolls of fog {unknown}
 h - 3 scrolls of fear {unknown}
 i - 3 scrolls of teleportation {unknown}
 n - 2 scrolls of remove curse {unknown}
 x - a scroll of magic mapping {unknown}
Potions
 b - 3 potions of might
 f - 2 potions of haste
 g - 2 potions of degeneration {unknown}
 m - 2 potions of brilliance {unknown}
 o - 2 potions of mutation {unknown}
 r - 2 potions of curing
 v - a potion of ambrosia {unknown}
 w - 3 potions of flight
 B - a potion of agility {unknown}
Comestibles
 c - 4 rations


   Skills:
 + Level 2.3 Fighting
 + Level 4.3 Short Blades
 + Level 4.2 Dodging
 - Level 1.7 Stealth
 * Level 1.3 Shields
 + Level 4.7 Spellcasting
 + Level 4.6 Conjurations
 * Level 3.9 Hexes


You had 10 spell levels left.
You knew the following spells:

 Your Spells              Type           Power        Failure   Level  Hunger
a - Magic Dart            Conj           ###.         2%          1    None
d - Dazzling Spray        Conj/Hex       ###...       10%         3    ###....
e - Searing Ray           Conj           ###...       4%          2    #......

Your spell library contained the following spells:

 Spells                   Type           Power        Failure   Level  Hunger
 Iskenderun's Mystic Bla  Conj           ###.....     26%         4    ####...
 Fulminant Prism          Conj/Hex       ###.......   30%         4    ####...
 Force Lance              Conj/Tloc      ##......     56%         4    ####...


Dungeon Overview and Level Annotations

Branches:
Dungeon (6/15)             Temple (1/1) D:4

Altars:
Ashenzari
Cheibriados
Dithmenos
Elyvilon
Fedhas
Gozag
Hepliaklqana
Kikubaaqudgha
Makhleb
Nemelex Xobeh
Okawaru
Qazlal
Ru
Sif Muna
Trog
Uskayaw
Vehumet
Wu Jian
Yredelemnul
Zin
The Shining One

Shops:
D:4 =!%}*

Annotations:
D:5 3 runed translucent doors, EmberCloud's ghost, novice MiHu; grouchysmurf's ghost, novice MfGl
D:6 Eustachio


Innate Abilities, Weirdness & Mutations

You are partially covered in molten scales. (AC +2)
Your flesh is heat resistant. (rF+)
Your demonic aura causes spilled blood to erupt in flames.
You are immune to clouds of flame.


Message History

The orc wizard barely misses you.
The orc priest becomes distracted by the nearby gold, dreaming of imaginary riches.
The searing ray hits the orc wizard.
The orc wizard is heavily wounded.
The orc priest shouts!
The orc priest is no longer distracted by gold.
The orc wizard closely misses you.
The searing ray hits the orc wizard.
The orc wizard is almost dead.
You are feeling very hungry.
The orc wizard looks braver for a moment.
The searing ray hits the orc wizard!
You kill the orc wizard!
The searing ray hits the orc priest!
The orc priest is severely wounded.
You finish channeling your searing ray.
The orc priest invokes the aid of Beogh against you.
Beogh smites you!
You die...
Your body crumbles into a pile of gold. .############### ................ ......#.....#### ..... #.....# .... #.....# oo.

#.....# ..
#.....############
.
#.....o$@$........
#......###########
#......# ######.#
#.# #.# #.# #.#
#.#


You could see an orc priest.

Vanquished Creatures
  Purgy (D:3)
  An orc warrior (D:6)
  A phantom (D:5)
  2 ogres
  A centaur (D:5)
  Blork the orc (D:5)
  A bullfrog (D:2)
  A howler monkey (D:5)
  A crimson imp (D:5)
  4 hounds (D:5)
  A bullfrog skeleton (D:5)
  Crazy Yiuf (D:4)
  A centaur skeleton (D:5)
  2 orc wizards
  Terence (D:3)
  3 worker ants
  A hound zombie (D:6)
  A hound skeleton (D:5)
  5 adders
  An ooze (D:5)
  An adder skeleton (D:4)
  2 worms
  2 dart slugs
  2 leopard geckos
  7 orcs
  7 bats
  3 giant cockroaches
  11 goblins
  10 hobgoblins
  10 jackals
  8 kobolds
  2 quokkas
  2 ball pythons
  6 frilled lizards
  8 rats
  A fungus (D:4)
113 creatures vanquished.

Notes
Turn   | Place    | Note
-------+----------+-------------------------------------------
     0 | D:1      | Esekla the Demonspawn Conjurer began the quest for the Orb.
     0 | D:1      | Reached XP level 1. HP: 13/13 MP: 3/3
   287 | D:2      | Gained mutation: Your flesh is heat resistant. (rF+)
                  | [demonic ancestry]
   287 | D:2      | Reached XP level 2. HP: 12/19 MP: 3/5
   570 | D:1      | Learned a level 2 spell: Searing Ray
   964 | D:1      | Gained mutation: You are immune to clouds of flame.
                  | [demonic ancestry]
   964 | D:1      | Reached XP level 3. HP: 24/24 MP: 5/7
  1210 | D:2      | Noticed a bullfrog
  1220 | D:2      | Killed a bullfrog
  1220 | D:2      | Reached XP level 4. HP: 15/30 MP: 6/9
  1229 | D:2      | Learned a level 3 spell: Dazzling Spray
  1320 | D:2      | You fall into a shaft and drop 1 floor!
  1468 | D:3      | Noticed Purgy
  1786 | D:3      | Noticed Terence
  1793 | D:3      | Killed Terence
  1793 | D:3      | Gained mutation: Your demonic aura causes spilled blood to
                  | erupt in flames. [demonic ancestry]
  1793 | D:3      | Reached XP level 5. HP: 31/36 MP: 4/11
  1861 | D:3      | Reached skill level 1 in Short Blades
  1861 | D:3      | Reached skill level 1 in Hexes
  2101 | D:3      | Killed Purgy
  2101 | D:3      | Reached XP level 6. HP: 27/42 MP: 1/12
  2273 | D:3      | Reached skill level 1 in Fighting
  2500 | D:4      | Found a glowing golden altar of the Shining One.
  2519 | D:4      | Gained mutation: You are partially covered in molten
                  | scales. (AC +2) [demonic ancestry]
  2519 | D:4      | Reached XP level 7. HP: 44/48 MP: 13/13
  2579 | D:4      | Found Luipuh's Gadget Boutique.
  2632 | D:4      | Found Fibuall's Distillery.
  2652 | D:4      | Found a staircase to the Ecumenical Temple.
  2655 | D:4      | Found Womicwiu's Jewellery Shop.
  2757 | D:4      | Found Zosh's Assorted Antiques.
  2795 | D:4      | Found Cyzxomm's Food Shop.
  2972 | Temple   | Entered the Ecumenical Temple
  3058 | Temple   | Became a worshipper of Gozag Ym Sagoz the Greedy
  3165 | D:5      | Entered Level 5 of the Dungeon
  3222 | D:5      | Noticed Blork the orc
  3241 | D:5      | Killed Blork the orc
  3645 | D:4      | Found a runed translucent door.
  3646 | D:4      | Noticed Crazy Yiuf
  3691 | D:4      | Killed Crazy Yiuf
  3956 | D:5      | Reached XP level 8. HP: 56/56 MP: 14/14
  4176 | D:5      | Reached skill level 1 in Shields
  4220 | D:5      | Found a runed translucent gate.
  4220 | D:5      | Found a runed translucent gate.
  4220 | D:5      | Noticed grouchysmurf's ghost (novice MfGl)
  4221 | D:5      | Found a runed translucent gate.
  4221 | D:5      | Noticed EmberCloud's ghost (novice MiHu)
  4831 | D:6      | Noticed Eustachio
  4874 | D:6      | HP: 2/56 [orc priest/divine providence (15)]
  4882 | D:6      | HP: 2/57 [orc priest/divine providence (13)]
  4890 | D:6      | Killed from afar by an orc priest

Levels and vault maps discovered:
D:1:      ncdulo_lavacross, layout_basic
D:2:      layout_basic, first_ration
D:3:      layout_basic, minmay_pentomino_pile, uniq_terence, uniq_purgy
D:4:      layout_rooms, minmay_temple_entry_glass, serial_shops, shop, shop,
          nicolae_shop_trees, nicolae_shop_trees, kennysheep_mini,
          tso_metal_star, uniq_crazy_yiuf_cottage
D:5:      layout_basic, gammafunk_ghost_cemetery, uniq_blork_the_orc
D:6:      layout_basic, basic_altar, grunt_ashenzari_visionary
          [grunt_ashenzari_visionary_swamp, grunt_ashenzari_visionary_snake],
          uniq_edmund, uniq_eustachio, uniq_pikel
Temple:   nicolae_temple_the_god_donut

Skill      XL: |  1  2  3  4  5  6  7  8 |
---------------+-------------------------+-----
Dodging        | 2 3 4 |  4.2
Spellcasting   | 3 4 |  4.7
Short Blades   | 1 2 3 4 |  4.3
Hexes          | 1 2 3 |  3.9
Fighting       | 1 2 |  2.3
Shields        | 1 |  1.3
Stealth        | |  1.7
Conjurations   | |  4.6

Action                   |  1- 3 |  4- 6 |  7- 9 || total
-------------------------+-------+-------+-------++-------
Melee: Dagger            |    22 |    35 |       ||    57
       Unarmed           |     1 |       |       ||     1
       Short sword       |       |    55 |   191 ||   246
Throw: Dart              |       |       |     1 ||     1
 Cast: Magic Dart        |    34 |    21 |    25 ||    80
       Searing Ray       |     4 |     8 |     8 ||    20
       Dazzling Spray    |       |     2 |     1 ||     3
  Use: Scroll            |       |       |     5 ||     5
       Potion            |       |       |     4 ||     4
 Stab: Sleeping          |     4 |     1 |       ||     5
       Invisible         |       |     1 |       ||     1
  Eat: Chunk             |       |     6 |       ||     6
       Ration            |       |       |     2 ||     2
Armor: Robe              |     3 |    27 |    40 ||    70
Dodge: Dodged            |    22 |    99 |    96 ||   217
Block: Buckler           |       |       |    23 ||    23
